 Dungeon Crawl Stone Soup version 0.23-a0-143-g1adec7bb76 (webtiles) character file.

357 cega the Skirmisher (level 6, -6/55 HPs)
             Began as a Hill Orc Fighter on Sept 6, 2018.
             Was a Follower of Trog.
             Killed by divine providence
             ... invoked by an orc priest
              (13 damage)
             ... on level 4 of the Dungeon.
             The game lasted 00:30:20 (3650 turns).

cega the Skirmisher (Hill Orc Fighter)              Turns: 3650, Time: 00:30:20

Health: -6/55      AC: 11    Str: 20    XL:     6   Next: 64%
Magic:  6/6        EV:  5    Int: 10    God:    Trog [*.....]
Gold:   196        SH:  9    Dex: 11    Spells: 5/5 levels left

rFire    . . .     SeeInvis .   t - +2 whip (elec)
rCold    . . .     Gourm    .   c - +0 shield
rNeg     + . .     Faith    .   h - +0 chain mail
rPois    .         Spirit   .   x - +0 helmet
rElec    .         Reflect  .   (no cloak)
rCorr    .         Harm     .   u - +0 pair of gloves
MR       .....                  (no boots)
Stlth    ..........             (no amulet)
HPRegen  0.18/turn              W - +2 ring of intelligence
MPRegen  0.10/turn              U - ring of positive energy

@: no status effects
A: no striking features
a: Berserk, Renounce Religion, Convert to Beogh


You were on level 4 of the Dungeon.
You worshipped Trog.
Trog was aware of your devotion.
You were hungry.

You visited 1 branch of the dungeon, and saw 4 of its levels.

You collected 196 gold pieces.

Inventory:

Hand Weapons
 a - a +0 war axe
 g - a +0 dagger
 q - a +0 falchion
 t - a +2 whip of electrocution (weapon)
 A - a +0 short sword
 F - a +0 long sword
 I - a +0 hand axe
 K - a +0 hand axe of venom
 Y - a +4 quarterstaff of chaos
Missiles
 e - 202 stones (quivered)
 n - 22 sling bullets
 z - 24 poisoned needles
 J - 14 bolts
Armour
 b - a +0 scale mail
 c - a +0 shield (worn)
 h - a +0 chain mail (worn)
 i - a +0 leather armour
 l - a +0 ring mail
 u - a +0 pair of gloves (worn)
 x - a +0 helmet (worn)
 E - a +0 ring mail
 G - a +0 ring mail
 M - a +0 robe
 O - a cursed -1 animal skin
 P - a +0 animal skin
 Q - a +0 animal skin
 R - a +0 animal skin
 S - a +0 animal skin
 T - a +0 animal skin
 X - a +0 robe
 Z - a +0 cloak
Jewellery
 U - a ring of positive energy (right hand)
 W - a +2 ring of intelligence (left hand)
Scrolls
 k - 7 scrolls of identify {unknown}
 o - 2 scrolls of fear {unknown}
 p - 2 scrolls of random uselessness {unknown}
 r - a scroll of teleportation {unknown}
 s - 5 scrolls of remove curse {unknown}
 w - 2 scrolls of amnesia {unknown}
 y - a scroll of enchant weapon {unknown}
 D - a scroll of enchant armour {unknown}
 H - a scroll of blinking {unknown}
 L - a scroll of fog {unknown}
Potions
 d - 3 potions of might
 j - 4 potions of heal wounds {unknown}
 v - a potion of curing {unknown}
 B - 4 potions of lignification {unknown}
 C - a potion of flight {unknown}
 N - a potion of mutation {unknown}
 V - a potion of agility {unknown}
Comestibles
 f - 5 rations


   Skills:
 * Level 4.8 Fighting
 + Level 4.2(5.1) Axes
 + Level 3.4(4.1) Maces & Flails
 + Level 0.7 Throwing
 + Level 4.3 Armour
 + Level 1.1 Dodging
 + Level 0.5 Stealth
 + Level 4.1 Shields


You had 5 spell levels left.
You didn't know any spells.
Your spell library was empty.

Dungeon Overview and Level Annotations

Branches:
Dungeon (4/15)
 Temple: D:4-7

Altars:
Nemelex Xobeh
Trog

Annotations:
D:2 !
D:4 Sigmund


Message History

Your chain mail prevents you from hitting the orc priest.
The orc priest is heavily wounded.
The orc priest hits you but does no damage.
Something hits you.
You closely miss the orc priest.
The orc priest is heavily wounded.
The orc priest mumbles some strange prayers to Beogh against you.
Beogh smites you!
* * * LOW HITPOINT WARNING * * *
Unknown command.
Sigmund appears from thin air!
Reactivating autopickup.
The orc priest looks braver for a moment.
Sigmund gestures wildly while chanting.
Sigmund flickers and vanishes!
Deactivating autopickup; reactivate with Ctrl-A.
The orc priest miscasts a cantrip.
The orc priest invokes the aid of Beogh against you.
Beogh smites you!
You die...

##.##### ############# # #......#
##....{..o.))# ## ##..###.#
###..#########)# .###.......#
#...###.............
.........#.###.#o##..≈...≈.......
.###.............#$..............
## #.......###...#⌠..............
## #.#.###.# #...#$..............
.# #..... .# ###@##..≈...≈..####%
.# ###+### # #.###........# . .#
##...## #..######## ####.....##
##......... ###.......##
##..########
##.........####...#####
.'.........'.....>......
##.........####...######
###.......## ##..#


You could see an orc priest.

Vanquished Creatures
  An orc priest (D:4)
  Crazy Yiuf (D:3)
  An orc wizard (D:3)
  Natasha (D:2)
  3 worker ants (D:4)
  5 adders
  4 oozes
  A worm (D:3)
  2 dart slugs
  6 leopard geckos
  12 orcs
  7 bats
  3 giant cockroaches (D:3)
  12 goblins
  9 hobgoblins
  3 ball pythons
  11 frilled lizards
  6 kobolds
  9 rats
97 creatures vanquished.

Notes
Turn   | Place    | Note
-------+----------+-------------------------------------------
     0 | D:1      | cega the Hill Orc Fighter began the quest for the Orb.
     0 | D:1      | Reached XP level 1. HP: 19/19 MP: 1/1
   102 | D:1      | Reached XP level 2. HP: 14/27 MP: 2/2
   439 | D:1      | Reached XP level 3. HP: 33/33 MP: 3/3
   947 | D:2      | Found a sparkling altar of Nemelex Xobeh.
   964 | D:2      | Reached XP level 4. HP: 38/40 MP: 4/4
  1243 | D:2      | Reached skill level 1 in Maces & Flails
  1322 | D:2      | Noticed Natasha
  1327 | D:2      | Killed Natasha
  1327 | D:2      | Reached XP level 5. HP: 47/47 MP: 5/5
  1688 | D:3      | Found a bloodstained altar of Trog.
  1779 | D:3      | Became a worshipper of Trog the Wrathful
  1964 | D:3      | Found a runed door.
  1968 | D:3      | Noticed Crazy Yiuf
  1978 | D:3      | Killed Crazy Yiuf
  2375 | D:3      | Reached XP level 6. HP: 53/53 MP: 6/6
  2417 | D:3      | Reached skill level 1 in Dodging
  2874 | D:3      | Reached * piety under Trog
  3595 | D:4      | Noticed Sigmund
  3650 | D:4      | Killed from afar by an orc priest

Vault maps used:
D:1:      dpeg_arrival_solitude, minmay_vboxes
D:2:      nemelex_xobeh_ov_fountains_minmay, minmay_fountain_box, uniq_natasha
D:3:      cheibrodos_sewer_entry_drain, trog_hazing_becter,
          uniq_crazy_yiuf_cottage
D:4:      cheibrodos_pilgrimage, uniq_sigmund

Skill      XL: |  1  2  3  4  5  6 |
---------------+-------------------+-----
Axes           | 3 4 |  4.2
Fighting       | 4 |  4.8
Maces & Flails | 2 3 |  3.4
Armour         | 4 |  4.3
Dodging        | 1 |  1.1
Shields        | 4 |  4.1
Throwing       | |  0.7
Stealth        | |  0.5

Action                   |  1- 3 |  4- 6 || total
-------------------------+-------+-------++-------
Melee: War axe           |    62 |       ||    62
       Whip              |    33 |   209 ||   242
Throw: Stone             |     5 |    13 ||    18
Invok: Berserk           |       |     1 ||     1
  Eat: Chunk             |       |     6 ||     6
       Ration            |       |     1 ||     1
Armor: Scale mail        |    35 |    59 ||    94
       Chain mail        |       |    28 ||    28
Dodge: Dodged            |    28 |    46 ||    74
Block: Shield            |    46 |    88 ||   134

Table legend:
 A = Non-vault XP
 B = Vault XP
 C = Vault XP percentage of total XP
 D = Non-vault monster count
 E = Vault monster count
 F = Vault count percentage of total count
                 A         B        C        D         E       F
            +---------+---------+-------+---------+---------+-------
      Total |     392 |     118 |  23.1 |      77 |      20 |  20.6
            +---------+---------+-------+---------+---------+-------
        D:1 |      45 |      11 |  19.6 |      18 |       5 |  21.7
        D:2 |      88 |      36 |  29.0 |      24 |       1 |   4.0
        D:3 |      94 |      59 |  38.6 |      25 |      10 |  28.6
        D:4 |     165 |      12 |   6.8 |      10 |       4 |  28.6
            +---------+---------+-------+---------+---------+-------
